 Dungeon Crawl Stone Soup version 0.30-a0-359-gd0147acb1a (webtiles) character file.

Game seed: 15216641379466907707

11562 p00ps00p the Cleaver (level 11, -10/103 HPs)
             Began as a Hill Orc Fighter on Nov 12, 2022.
             Was an Initiate of Gozag.
             Mangled by an ice devil (17 damage)
             ... on level 9 of the Dungeon.
             The game lasted 00:21:16 (10338 turns).

p00ps00p the Cleaver (Hill Orc Fighter)            Turns: 10338, Time: 00:21:17

Health: -10/103    AC: -15   Str: 20    XL:     11   Next: 79%
Magic:  11/11      EV:  6    Int: 17    God:    Gozag
Gold:   197        SH: 13    Dex: 16    Spells: 10/10 levels left

rFire   + . .      SeeInvis .    e - +0 hand axe (drain)
rCold   . . .      Faith    .    c - +1 buckler
rNeg    . . .      Spirit   .    b - +1 plate armour of Existentialism {Int+4}
rPois   +          Reflect  +    B - +2 helmet {Int+3}
rElec   .          Harm     .    M - +2 cloak {rPois}
rCorr   .          Rampage  .    (no gloves)
Will    .....                    E - +0 pair of boots of Beogh's Reproof {rF+ Str-4 Int+2}
Stlth   ..........               o - amulet of reflection
HPRegen 0.37/turn                h - +4 ring of slaying
MPRegen 0.12/turn                A - +6 ring of dexterity

@: corroded
A: no striking features
a: Renounce Religion, Potion Petition, Call Merchant, Bribe Branch


You were on level 9 of the Dungeon.
You worshipped Gozag.
Gozag was aware of your devotion.
You visited 2 branches of the dungeon, and saw 10 of its levels.

You collected 2515 gold pieces.
You spent 1470 gold pieces at shops.
You paid 848 gold pieces to Gozag.

Inventory:

Hand Weapons
 a - a +0 war axe of protection
 e - a +0 hand axe of draining (weapon)
 s - a +3 hand axe of freezing
 u - a +1 whip of flaming
 F - the +1 dagger of Fissaoha {vorpal, rC- rN+ Int+2 SInv}
   (You found it on level 5 of the Dungeon)

   It inflicts extra damage upon your enemies.
   Int:       It affects your intelligence (+2).
   rC:        It makes you vulnerable to cold.
   rN:        It protects you from negative energy.
   SInv:      It lets you see invisible.
 N - a +6 war axe
Missiles
 t - 17 poisoned darts (quivered)
Armour
 b - the +1 plate armour of Existentialism (worn) {Int+4}
   (You bought it in a shop on level 5 of the Dungeon)

   Int:       It affects your intelligence (+4).
 c - a +1 buckler (worn)
 z - a +0 plate armour
 B - a +2 helmet of intelligence (worn)
 E - the +0 pair of boots of Beogh's Reproof (worn) {rF+ Str-4 Int+2}
   (You bought it in a shop on level 5 of the Dungeon)

   Str:       It affects your strength (-4).
   Int:       It affects your intelligence (+2).
   rF:        It protects you from fire.
 M - a +2 cloak of poison resistance (worn)
Jewellery
 h - a +4 ring of slaying (left hand)
 o - an amulet of reflection (around neck)
 A - a +6 ring of dexterity (right hand)
 I - a +6 ring of dexterity
Wands
 m - a wand of flame (12)
 y - a wand of charming (6)
 L - a wand of roots (8)
Scrolls
 f - a scroll of vulnerability
 g - 4 scrolls of summoning
 l - 3 scrolls of enchant armour
 r - a scroll of noise
 J - 4 scrolls of magic mapping
Potions
 d - a potion of might
 i - 2 potions of brilliance
 j - 2 potions of invisibility
 k - 3 potions of magic
 n - 2 potions of lignification {unknown}
 q - 2 potions of attraction {unknown}
 v - a potion of cancellation {unknown}
 x - 2 potions of mutation {unknown}
 C - a potion of resistance {unknown}
 G - a potion of degeneration {unknown}


   Skills:
 + Level 11.6 Fighting
 + Level 12.3 Axes
 + Level 10.7 Armour
 + Level 10.7 Shields


You had 10 spell levels left.
You didn't know any spells.
Your spell library contained the following spells:

 Spells                   Type           Power      Damage    Failure   Level
 Apportation              Tloc           0%         N/A       99%         1
 Ensorcelled Hibernation  Hex/Ice        0%         N/A       100%        2
 Gell's Gravitas          Tloc           0%         N/A       100%        3
 Inner Flame              Hex/Fire       0%         N/A       100%        3
 Lesser Beckoning         Tloc           0%         N/A       100%        3
 Portal Projectile        Hex/Tloc       0%         N/A       100%        3
 Spider Form              Tmut/Pois      0%         N/A       100%        3
 Teleport Other           Tloc           0%         N/A       100%        3
 Tukima's Dance           Hex            0%         N/A       100%        3
 Anguish                  Hex/Necr       0%         N/A       100%        4
 Cause Fear               Hex            0%         N/A       100%        4
 Alistair's Intoxication  Tmut/Pois      0%         N/A       100%        5
 Blade Hands              Tmut           0%         N/A       100%        5
 Iskenderun's Battlesphe  Conj           0%         2d6       100%        5
 Iron Shot                Conj/Erth      0%         9d1       100%        6
 Spellforged Servitor     Conj/Summ      0%         N/A       100%        7
 Discord                  Hex            0%         N/A       100%        8


Dungeon Overview and Level Annotations

Branches:
Dungeon (9/15)             Temple (1/1) D:7
   Lair: D:8-11         Orc: D:9-12

Altars:
Ashenzari
Cheibriados
Dithmenos
Elyvilon
Fedhas
Gozag
Hepliaklqana
Kikubaaqudgha
Makhleb
Nemelex Xobeh
Okawaru
Qazlal
Ru
Sif Muna
Trog
Uskayaw
Vehumet
Wu Jian
Xom
Yredelemnul
Zin
The Shining One

Shops:
D:5 [


Message History

You are too injured to fight recklessly!
You are too injured to fight recklessly!
You are too injured to fight recklessly!
You are too injured to fight recklessly!
You are too injured to fight recklessly!
You are too injured to fight recklessly!
You are too injured to fight recklessly!
You are too injured to fight recklessly!
You are too injured to fight recklessly!
You are too injured to fight recklessly!
You are too injured to fight recklessly!
Unknown command.
As you read the scroll of teleportation, it crumbles to dust.
You feel strangely unstable. You block the rust devil's attack.
You block the rust devil's attack.
The rust devil attacks as you move away!
You block the rust devil's attack.
Your surroundings suddenly seem different.
Found a scale mail and a scroll of brand weapon.
Found 13 gold pieces.
There is an open door here.
The ice devil attacks as you move away! The ice devil hits you.
The ice devil freezes you!
There is a large open door here.
You hit the ice devil but do no damage. The ice devil hits you!
* * * LOW HITPOINT WARNING * * *
The ice devil freezes you!
* * * LOW HITPOINT WARNING * * *
Read: scroll of fear
Press: ? - help, Q - select action, (/) - cycle Dir - look around, f - activate Look: an ice devil (chance to affect: 64%)
As you read the scroll of fear, it crumbles to dust.
You assume a fearsome visage.
The ice devil resists with almost no effort.
The two-headed ogre looks frightened!
The ice devil hits you.
* * * LOW HITPOINT WARNING * * *
The ice devil freezes you!
You die...
Your body crumbles into a pile of gold.

..........#.......#...#####...#
##........###'#####...........#
.#............................#
.#.....####...................#
.#.....# .#########...........#
.#.....# .........#...........#
.#.....# .........#...........#
##.....# .........#...........#
.......# ....$..@.#...........#
.......# ######O4##...... $
.........................
.######.#####'###'#####.. .# .#
....O...[...### .#
.#.....P.......... .#
.#.......P........
+♣♣♣♣##.#...P......P.....
....+...# ...P...P....#..


You could see a two-headed ogre (fleeing) and an ice devil.

Vanquished Creatures
  A boulder beetle (D:8)
  3 two-headed ogres (D:8)
  A sixfirhy (D:9)
  Pikel (D:4)
  2 cyclopes (D:8)
  A manticore (D:8)
  A smoke demon (D:9)
  A hornet (D:9)
  A slime creature (D:8)
  A shadow (D:6)
  A wraith (D:8)
  6 yaks (D:8)
  Eustachio (D:6)
  3 wyverns
  A water moccasin (D:8)
  Pargi (D:4)
  An orc warrior (D:9)
  3 black bears
  4 ogres
  3 centaurs
  2 phantoms
  2 kobold brigands (D:9)
  6 bullfrogs
  A necrophage (D:8)
  4 scorpions
  16 wights
  12 killer bees
  5 howler monkeys
  2 oklob saplings (D:9)
  3 quasits (D:9)
  3 jellies
  3 orc priests
  7 hounds
  5 orc wizards
  4 iguanas
  12 adders
  7 gnolls (D:4)
  2 shadow imps (D:7)
  4 white imps
  An ufetubus (D:5)
  A worm (D:2)
  3 dart slugs
  26 orcs
  10 ball pythons
  3 bats
  8 endoplasms
  3 giant cockroaches
  7 hobgoblins
  7 jackals
  17 kobolds
  2 quokkas
  5 frilled lizards
  5 goblins
  A goblin zombie (D:3)
  2 hobgoblin zombies (D:3)
  2 kobold zombies (D:3)
  2 orc skeletons (D:3)
  An orc zombie (D:3)
  A rat (D:2)
244 creatures vanquished.

Vanquished Creatures (others)
  An orc wizard (D:7)
  6 demonic plants (D:9)
  5 fungi (D:9)
  13 plants (D:9)
25 creatures vanquished.

Grand Total: 269 creatures vanquished

Notes
Turn   | Place    | Note
-------+----------+-------------------------------------------
     0 | D:1      | p00ps00p the Hill Orc Fighter began the quest for the Orb.
     0 | D:1      | Reached XP level 1. HP: 19/19 MP: 1/1
    79 | D:1      | Reached XP level 2. HP: 27/27 MP: 2/2
    88 | D:1      | Reached skill level 3 in Axes
   156 | D:1      | Found a faded altar of an unknown god.
   498 | D:1      | Reached XP level 3. HP: 33/33 MP: 3/3
  1015 | D:2      | Reached XP level 4. HP: 40/40 MP: 4/4
  1458 | D:3      | Found a glowing golden altar of the Shining One.
  1616 | D:3      | Found a shimmering altar of Xom.
  1731 | D:3      | Reached skill level 4 in Axes
  2060 | D:3      | Reached XP level 5. HP: 47/47 MP: 5/5
  2187 | D:4      | Found a hazy altar of Hepliaklqana.
  2187 | D:4      | Found a white marble altar of Elyvilon.
  2189 | D:4      | Found a shimmering blue altar of Sif Muna.
  2292 | D:4      | Noticed a phantom
  2306 | D:4      | Killed a phantom
  2307 | D:4      | Reached XP level 6. HP: 46/55 MP: 6/6
  2312 | D:4      | Reached skill level 5 in Fighting
  2507 | D:4      | Noticed Pikel
  2521 | D:4      | Killed Pikel
  2522 | D:4      | Reached skill level 6 in Axes
  2522 | D:4      | Reached skill level 5 in Armour
  2522 | D:4      | Reached skill level 5 in Shields
  2522 | D:4      | Reached XP level 7. HP: 58/63 MP: 7/7
  2604 | D:4      | Found a bloodstained altar of Trog.
  2613 | D:4      | You fall into a shaft and drop 3 floors!
  2700 | D:7      | Reached XP level 8. HP: 61/71 MP: 8/8
  2939 | D:6      | Reached skill level 7 in Axes
  3074 | D:7      | Found an iron altar of Okawaru.
  3222 | D:7      | Found a staircase to the Ecumenical Temple.
  3272 | D:7      | Found a sacrificial altar of Ru.
  3493 | Temple   | Entered the Ecumenical Temple
  3696 | Temple   | Became a worshipper of Gozag Ym Sagoz the Greedy
  3922 | D:6      | Noticed Eustachio
  3939 | D:6      | Killed Eustachio
  3940 | D:6      | Reached XP level 9. HP: 78/79 MP: 9/9
  4015 | D:6      | Reached skill level 8 in Axes
  4845 | D:5      | Entered Level 5 of the Dungeon
  5169 | D:5      | Reached skill level 9 in Axes
  5368 | D:5      | Identified the +1 dagger of Fissaoha {vorpal, rC- rN+ Int+2
                  | SInv}
  6168 | D:4      | Noticed Pargi
  6179 | D:4      | Killed Pargi
  6180 | D:4      | Reached XP level 10. HP: 86/91 MP: 10/10
  6597 | D:8      | Noticed a two-headed ogre
  6608 | D:8      | Noticed a cyclops
  6624 | D:8      | Killed a two-headed ogre
  6625 | D:8      | Reached skill level 10 in Axes
  6633 | D:8      | Noticed a cyclops
  6642 | D:8      | Killed a cyclops
  6650 | D:8      | Reached skill level 10 in Fighting
  6660 | D:8      | Killed a cyclops
  6686 | D:8      | Reached skill level 11 in Axes
  6749 | D:8      | Noticed a manticore
  6762 | D:8      | Killed a manticore
  6763 | D:8      | Reached XP level 11. HP: 66/101 MP: 11/11
  6801 | D:8      | Noticed a two-headed ogre
  6810 | D:8      | Killed a two-headed ogre
  7114 | D:8      | Reached skill level 10 in Shields
  7126 | D:8      | Reached skill level 10 in Armour
  8082 | D:9      | Identified a scroll of acquirement
  8086 | D:9      | Acquired 785 gold pieces
  8222 | D:5      | Bought a shiny helmet for 210 gold pieces
  8222 | D:5      | Bought a pair of bloodstained boots for 266 gold pieces
  8222 | D:5      | Identified the +0 pair of boots of Beogh's Reproof {rF+
                  | Str-4 Int+2} (You bought it in a shop on level 5 of the
                  | Dungeon)
  8222 | D:5      | Bought a glowing cloak for 210 gold pieces
  8397 | D:9      | Noticed a two-headed ogre
  8397 | D:9      | Noticed a boulder beetle
  8408 | D:8      | Killed a two-headed ogre
  8435 | D:8      | Killed a boulder beetle
  8731 | D:9      | Reached skill level 12 in Axes
  8865 | D:5      | Bought a twisted plate armour for 784 gold pieces
  8865 | D:5      | Identified the +1 plate armour of Existentialism {Int+4}
                  | (You bought it in a shop on level 5 of the Dungeon)
  9108 | D:9      | Found an ornate altar of the Wu Jian Council.
  9346 | D:9      | Noticed a sixfirhy
  9350 | D:9      | Noticed a soul eater
  9696 | D:9      | Noticed a sixfirhy
  9697 | D:9      | Noticed a two-headed ogre
  9712 | D:9      | Killed a sixfirhy
  9748 | D:9      | Found a blossoming altar of Fedhas.
 10338 | D:9      | Mangled by an ice devil

Illustrated notes

Levels and vault maps discovered:
D:1:      evilmike_arrival_hilbert_curve, layout_loops_ring,
          dreamdust_ecumenical_altar_angels_and_demons
D:2:      minmay_spotlight, layout_loops_ring
D:3:      layout_loops_ring, nicolae_tso_besieged_by_evil, amcnicky_altar_gilded
D:4:      layout_basic, lemuel_tele_altar, grunt_temple_overflow_open,
          feat_on_display, uniq_pargi, uniq_pikel
D:5:      layout_cave_pods
D:6:      kennysheep_big_flooded_room, layout_basic, uniq_eustachio
D:7:      layout_rooms, mainiacjoe_overflow_tiny_flanked,
          nicolae_overflow_hidden_temple, minmay_temple_entry_statues,
          serial_rivers, chequers_serial_rivers_micro_b,
          chequers_serial_rivers_micro_c, chequers_serial_rivers_small_a,
          chequers_serial_rivers_marsh, chequers_serial_rivers_room_a,
          chequers_serial_rivers_micro_e, enter_bailey_2,
          chequers_serial_rivers_marsh, dreamdust_princess_corridor
D:8:      minmay_bloctagon, layout_loops_ring
D:9:      layout_irregular_city, mainiacjoe_overflow_six_doors_small,
          mainiacjoe_overflow_alcove_2, grunt_lair_entry_orc_guard_hut,
          serial_demonic, serial_demonic_g, serial_demonic_a, serial_demonic_g,
          serial_demonic_a, introduction_to_nature_1
Temple:   nicolae_temple_slightly_damp_pantheon

Skill      XL: |  1  2  3  4  5  6  7  8  9 10 11 |
---------------+----------------------------------+-----
Axes           | 3 4 6 7 9 11 12 | 12.3
Fighting       | 4 6 7 9 10 11 | 11.6
Armour         | 4 5 6 8 9 10 | 10.7
Shields        | 4 5 6 8 9 10 | 10.7

Action                   |  1- 3 |  4- 6 |  7- 9 | 10-12 || total
-------------------------+-------+-------+-------+-------++-------
Melee: War axe           |    69 |    98 |   266 |    36 ||   469
       Hand axe          |       |       |       |   430 ||   430
Invok: Call Merchant     |       |       |       |     1 ||     1
Evoke: Wand              |       |       |       |     5 ||     5
  Use: Scroll            |     5 |       |     9 |    13 ||    27
       Potion            |       |     1 |     2 |     5 ||     8
 Stab: Distracted        |       |       |       |     3 ||     3
Armor: Scale mail        |    33 |    29 |   123 |    21 ||   206
       Plate armour      |       |       |       |   102 ||   102
Dodge: Dodged            |    38 |    33 |   104 |    74 ||   249
Block: Buckler           |    17 |    41 |   149 |   248 ||   455
       Reflection        |       |       |     4 |     2 ||     6

Table legend: (Time is in decaauts)
 A = Elapsed time spent in this place.
 B = Non-inter-level travel time spent in this place.
 C = Inter-level travel time spent in this place.
 D = Time resting spent in this place.
 E = Time spent auto-exploring this place.
 F = Levels seen in this place.
 G = Mean time per level.
                   A        B        C        D        E       F      G
               +--------+--------+--------+--------+--------+-----+--------+
         Total |  10357 |   9108 |   1249 |   1485 |   5468 |  10 | 1035.7 |
       Dungeon |  10132 |   8938 |   1194 |   1485 |   5312 |   9 | 1125.8 |
        Temple |    224 |    169 |     55 |      0 |    156 |   1 |  224.0 |
               +--------+--------+--------+--------+--------+-----+--------+

Top non-repeatable levels by time:
     D:8: 1870 daAuts
     D:9: 1494 daAuts
     D:6: 1490 daAuts
     D:5: 1248 daAuts
     D:7: 939 daAuts
     D:4: 856 daAuts
     D:1: 751 daAuts
     D:3: 745 daAuts
     D:2: 733 daAuts
  Temple: 224 daAuts
